 Dungeon Crawl Stone Soup version 0.23.2-33-g5129a83184 (webtiles) character file.

Game seed: 8844997908913848027

25 senseless the Sneak (level 3, -4/24 HPs)
             Began as an Octopode Assassin on July 2, 2019.
             Slain by a goblin (6 damage)
             ... led by Robin
             ... on level 2 of the Dungeon.
             The game lasted 00:03:22 (1057 turns).

senseless the Sneak (Octopode Assassin)             Turns: 1057, Time: 00:03:23

Health: -4/24      AC:  1    Str: 10    XL:     3   Next: 4%
Magic:  3/3        EV: 13    Int: 13    God:
Gold:   43         SH:  0    Dex: 14    Spells: 2/2 levels left

rFire    . . .     SeeInvis .   a - +2 dagger
rCold    . . .     Gourm    .   (no shield)
rNeg     . . .     Faith    .   (helmet restricted)
rPois    .         Spirit   .   (no amulet)
rElec    .         Reflect  .   (no ring)
rCorr    .         Harm     .   (no ring)
MR       .....                  (no ring)
Stlth    ++++......             (no ring)
HPRegen  0.08/turn              (no ring)
MPRegen  0.08/turn              (no ring)
                                (no ring)
                                (no ring)

@: no status effects
A: almost no armour, stealthy swim, amphibious, 8 rings, constrict 8, camouflage
1, gelatinous body 1
a: no special abilities


You were on level 2 of the Dungeon.
You were not hungry.

You visited 1 branch of the dungeon, and saw 2 of its levels.

You collected 43 gold pieces.

Inventory:

Hand Weapons
 a - a +2 dagger (weapon)
 b - a +0 blowgun
 g - a +2 spear of venom
Missiles
 c - 8 poisoned needles
 d - 2 curare-tipped needles
Jewellery
 h - a +4 ring of protection {unknown}
Potions
 e - a potion of heal wounds {unknown}
 i - a potion of curing {unknown}
Comestibles
 f - a ration


   Skills:
 + Level 2.1 Fighting
 + Level 2.3 Short Blades
 + Level 2.1 Throwing
 + Level 1.0 Dodging
 + Level 6.2 Stealth


You had 2 spell levels left.
You didn't know any spells.
Your spell library was empty.

Dungeon Overview and Level Annotations

Branches:
Dungeon (2/15)

Altars:

Annotations:
D:2 Robin


Innate Abilities, Weirdness & Mutations

You cannot wear most types of armour.
You are very stealthy in the water. (Stealth+)
You are amphibious.
You can wear up to eight rings at the same time.
You can use your tentacles to constrict eight enemies at once.
Your skin changes colour to match your surroundings (Stealth+).
Your rubbery body absorbs attacks. (AC +1, EV +1)


Message History

Your squeeze misses the goblin.
Robin roars a battlecry!
The goblin barely misses you.
You hit the goblin. Your grab misses the goblin.
Your squeeze misses the goblin.
The goblin is moderately wounded.
The hobgoblin hits you. The goblin hits you.
You hit the goblin. You grab the goblin.
The goblin is heavily wounded.
You constrict the goblin. The hobgoblin hits you.
* * * LOW HITPOINT WARNING * * *
You hit the goblin.
You kill the goblin!
Robin throws the goblin at you! The goblin barely misses you.
A goblin comes into view. It is wielding a +0 dagger.
You closely miss the goblin. Your grab misses the goblin.
You squeeze the goblin.
The goblin is heavily wounded.
The hobgoblin barely misses you. The goblin hits you.
You die...

#.#####.......#
##.##.....##...#
###.........##...#
..
.......##.######...
#.#
##.#...#...#####...
#.# #
#...............
#.#
#..##.......s..#
#.# #.. ##.#g#####$
#.# .... ...#@#
#######.#
.....#####g#
......... . .g.
#.......# ##.##
#.####### #.g ...
.## >


You could see Robin, a hobgoblin and 2 goblins.

Vanquished Creatures
  A leopard gecko (D:1)
  A ball python (D:2)
  2 giant cockroaches (D:1)
  6 goblins
  2 hobgoblins (D:2)
  2 bats
  3 frilled lizards (D:1)
  3 kobolds
  A rat (D:1)
21 creatures vanquished.

Notes
Turn   | Place    | Note
-------+----------+-------------------------------------------
     0 | D:1      | senseless the Octopode Assassin began the quest for the
                  | Orb.
     0 | D:1      | Reached XP level 1. HP: 14/14 MP: 1/1
   347 | D:1      | Reached XP level 2. HP: 19/19 MP: 2/2
   956 | D:2      | Reached skill level 6 in Stealth
  1037 | D:2      | Noticed Robin
  1051 | D:2      | Reached XP level 3. HP: 12/24 MP: 3/3
  1057 | D:2      | Slain by a goblin

Skill      XL: |  1  2 |
---------------+-------+-----
Stealth        | 6 |  6.2
Fighting       | |  2.1
Short Blades   | |  2.3
Throwing       | |  2.1
Dodging        | |  1.0

Action                   || total
-------------------------++-------
Melee: Dagger            ||    38
       Constrict         ||    10
       Tentacles         ||     5
  Use: Scroll            ||     1
 Stab: Sleeping          ||     6
Armor: Skin              ||     1
Dodge: Dodged            ||    30
